AoeStats
← Wollebrocken

Arena

509904325Analyzed
1v1 RM · 4d ago on Sep 28, 2026· 47m 37s· 2 players
Game mode
Random Map
Map size
Tiny (2 player)
Population
200
Speed
Normal
Resources
Standard
Victory
Conquest
Starting age
Dark Age
Ending age
Imperial Age
RankedLock teamsTeams togetherTeam positionsShared explorationLock speedFull tech treeHidden civsTurbo modeCheats
Victory
Defeat
🇩🇪 Goths · Germany
1122
+15
🇮🇳 Turks · India
1100
-15
Undead
9:17 Loom
11:43 Feudal Age
16:08 Castle Age
14:29 Double-Bit Axe
14:48 Horse Collar
17:07 Bow Saw
17:26 Heavy Plow
25:23 Imperial Age
22:56 Stone Mining
22:57 Gold Mining
25:55 Padded Archer Armor
28:54 Gold Shaft Mining
32:05 Conscription
42:34 Artillery
42:55 Town Watch
46:12 Leather Archer Armor
45:47 Town Watch
Wollebrocken
0:44 Loom
10:44 Feudal Age
9:43 Loom
12:10 Wheelbarrow
11:17 Horse Collar
14:30 Double-Bit Axe
18:03 Castle Age
19:04 Bow Saw
20:04 Hand Cart
19:59 Heavy Plow
21:57 Stone Mining
22:55 Gold Mining
27:16 Town Watch
30:13 Imperial Age
28:26 Anarchy
28:57 Forging
28:55 Scale Mail Armor
29:23 Squires
30:11 Fletching
32:16 Conscription
33:09 Iron Casting
32:51 Chain Mail Armor
32:48 Pikeman
32:57 Elite Huskarl
35:14 Iron Casting
36:52 Bodkin Arrow
38:14 Chemistry
41:56 Two-Man Saw
42:42 Perfusion
43:21 Halberdier
47:11 Blast Furnace
46:27 Chain Mail Armor
Connection lost

Rejoining the realm…

Still unreachable

The connection could not be restored.

Session expired

The server has moved on; the page needs a fresh start.